 Dungeon Crawl Stone Soup version 0.23.2-1-ga50397a (webtiles) character file.

Game seed: 13649453955129907876

252 MalarOregon the Ruffian (level 6, -2/52 HPs)
             Began as a Ghoul Gladiator on May 28, 2019.
             Killed by divine providence
             ... invoked by an orc priest
              (13 damage)
             ... on level 5 of the Dungeon.
             The game lasted 00:03:30 (3326 turns).

MalarOregon the Ruffian (Ghoul Gladiator)           Turns: 3326, Time: 00:03:31

Health: -2/52      AC:  4    Str: 18    XL:     6   Next: 14%
Magic:  5/5        EV: 13    Int:  5    God:
Gold:   201        SH:  0    Dex: 10    Spells: 5/5 levels left

rFire    . . .     SeeInvis .     - Unarmed
rCold    + . .     Gourm    .   (no shield)
rNeg     + + +     Faith    .   a - +0 leather armour
rPois    ∞         Spirit   .   b - +0 helmet
rElec    .         Reflect  .   (no cloak)
rCorr    .         Harm     .   (no gloves)
MR       .....                  (no boots)
Stlth    +.........             (no amulet)
HPRegen  0.00/turn              (no ring)
MPRegen  0.09/turn              (no ring)

@: rotting
A: rotting body, claws 1, carnivore, cold resistance 1, negative energy
resistance 3, inhibited regeneration, torment resistance, unbreathing
a: no special abilities


You were on level 5 of the Dungeon.
You were not hungry.

You visited 1 branch of the dungeon, and saw 5 of its levels.

You collected 201 gold pieces.

Inventory:

Missiles
 c - 3 throwing nets (quivered) {!f}
Armour
 a - a +0 leather armour (worn)
 b - a +0 helmet (worn)
Wands
 d - a wand of iceblast (4)
   (You found it on level 2 of the Dungeon)
Scrolls
 h - 4 scrolls of remove curse {unknown}
 j - a scroll of enchant weapon {unknown}
 k - 2 scrolls of teleportation {unknown}
 l - 3 scrolls of blinking {unknown}
 p - a scroll of random uselessness {unknown}
 q - a scroll of magic mapping {unknown}
 t - a scroll of fear {unknown}
 u - a scroll of identify {unknown}
 v - a scroll of amnesia {unknown}
 w - a scroll of enchant armour {unknown}
 x - a scroll of fog {unknown}
Potions
 f - 2 potions of curing {unknown}
 g - 2 potions of haste {unknown}
 i - a potion of lignification {unknown}
 m - a potion of agility {unknown}
 n - 2 potions of flight {unknown}
 o - a potion of ambrosia {unknown}
 r - a potion of magic {unknown}
Comestibles
 e - 10 rations {!d}
 s - 2 chunks of flesh


   Skills:
 + Level 3.8 Fighting
 - Level 1.7 Throwing
 + Level 3.8 Dodging
 * Level 5.7 Unarmed Combat


You had 5 spell levels left.
You didn't know any spells.
Your spell library was empty.

Dungeon Overview and Level Annotations

Branches:
Dungeon (5/15)
 Temple: D:4-7

Altars:
Gozag
Hepliaklqana
Qazlal
Ru


Innate Abilities, Weirdness & Mutations

Your body is rotting away.
You thrive on raw meat.
You are immune to poison.
You have sharp fingernails.
You are carnivorous and can eat meat at any time.
Your flesh is cold resistant. (rC+)
You are immune to negative energy. (rN+++)
You do not regenerate when monsters are visible.
You are immune to unholy pain and torment.
You can survive without breathing.


Message History

You kill the giant cockroach!
No target in view!
No target in view!
You butcher the giant cockroach corpse.
s - 2 chunks of flesh You open the door.
A howler monkey skeleton comes into view.
Found 22 stones.
Found a stone staircase leading down.
A howler monkey skeleton is nearby!
A howler monkey skeleton is nearby!
There is an open door here.
You claw the howler monkey skeleton!
You barely miss the howler monkey skeleton.
The howler monkey skeleton barely misses you.
You scratch the howler monkey skeleton.
The howler monkey skeleton hits you but does no damage.
You claw the howler monkey skeleton!
You destroy the howler monkey skeleton!
No target in view!
The centaur is too close now for your liking.
A centaur is nearby!
A centaur is nearby!
The centaur shouts!
You hear a shout!
The centaur shoots an arrow.
The arrow hits you.
You see here an arrow.
The centaur shoots an arrow.
The arrow hits you!
You see here an arrow.
The centaur shoots an arrow.
The arrow barely misses you.
The centaur shoots an arrow.
The arrow hits you.
You see here an arrow.
The centaur shoots an arrow.
The arrow hits you!
Found a leatherbound book.
You see here an arrow.
The centaur unwields a +0 shortbow.
The centaur hits you but does no damage.
You scratch the centaur. The centaur closely misses you.
The centaur misses you.
You scratch the centaur. The centaur closely misses you.
You closely miss the centaur. The centaur hits you!
You claw the centaur! The centaur closely misses you.
The orc priest mumbles some strange prayers to Beogh against you.
Beogh smites you!
* * * LOW HITPOINT WARNING * * *
The centaur hits you.
* * * LOW HITPOINT WARNING * * *
You barely miss the centaur. The centaur closely misses you.
You barely miss the centaur. The centaur barely misses you.
The orc priest calls down the wrath of Beogh upon you.
Beogh smites you!
You die...

.......c. #
####...o.##
.........
.........#
...#..###.#
.⌠.##..##.# .
#..o.#
#..##.c.# #
#.....@###.#.##
##....(........
....⌠..#(##.###
.##....#(##..
#.....#(.#.#
#..##..##(#.#
:.# ... #.#.#
.# ..## #...#
.# ####..#


You could see a centaur and an orc priest.

Vanquished Creatures
  A centaur skeleton (D:4)
  2 iguanas
  A worker ant (D:4)
  A howler monkey skeleton (D:5)
  5 adders
  An ooze (D:3)
  2 dart slugs (D:2)
  4 leopard geckos
  4 orcs (D:4)
  A ball python (D:3)
  3 giant cockroaches
  14 goblins
  8 hobgoblins
  2 jackals (D:2)
  4 kobolds
  2 quokkas (D:3)
  10 bats
  4 frilled lizards
  10 rats
79 creatures vanquished.

Notes
Turn   | Place    | Note
-------+----------+-------------------------------------------
     0 | D:1      | MalarOregon the Ghoul Gladiator began the quest for the
                  | Orb.
     0 | D:1      | Reached XP level 1. HP: 17/17 MP: 0/0
   105 | D:1      | Reached XP level 2. HP: 23/25 MP: 1/1
   254 | D:1      | Reached XP level 3. HP: 19/30 MP: 2/2
   347 | D:1      | Reached skill level 4 in Unarmed Combat
   699 | D:2      | Reached XP level 4. HP: 12/38 MP: 3/3
  1081 | D:2      | Found a sacrificial altar of Ru.
  1430 | D:3      | Found a stormy altar of Qazlal.
  1526 | D:3      | Reached XP level 5. HP: 39/45 MP: 4/4
  1650 | D:3      | Reached skill level 5 in Unarmed Combat
  1874 | D:3      | Found an opulent altar of Gozag.
  2399 | D:4      | Found a hazy altar of Hepliaklqana.
  2414 | D:4      | Reached XP level 6. HP: 47/52 MP: 5/5
  2708 | D:5      | Entered Level 5 of the Dungeon
  3326 | D:5      | Killed from afar by an orc priest

Skill      XL: |  1  2  3  4  5 |
---------------+----------------+-----
Dodging        | 3 |  3.8
Unarmed Combat | 4 5 |  5.7
Fighting       | 3 |  3.8
Throwing       | |  1.7

Action                   |  1- 3 |  4- 6 || total
-------------------------+-------+-------++-------
Melee: Unarmed           |   104 |   148 ||   252
  Eat: Chunk             |     6 |     4 ||    10
Armor: Leather armour    |    27 |    37 ||    64
Dodge: Dodged            |    88 |   104 ||   192
